 Dungeon Crawl Stone Soup version 0.29-a0-1016-g236c7fd91e (webtiles) character file.

Game seed: 9783542633509911506

5 drpainis the Sneak (level 1, 0/9 HPs)
             Began as a Spriggan Enchanter on Aug 9, 2022.
             Slain by a giant cockroach (1 damage)
             ... on level 1 of the Dungeon.
             The game lasted 00:00:12 (297 turns).

drpainis the Sneak (Spriggan Enchanter)              Turns: 297, Time: 00:00:12

Health: 0/9        AC:  2    Str:  4    XL:     1   Next: 66%
Magic:  5/5        EV: 17    Int: 16    God:
Gold:   10         SH:  0    Dex: 15    Spells: 5/5 levels left

rFire   . . .      SeeInvis +   a - +1 dagger
rCold   . . .      Faith    .   (no shield)
rNeg    . . .      Spirit   .   b - +0 robe
rPois   .          Reflect  .   (helmet restricted)
rElec   .          Harm     .   (no cloak)
rCorr   .          Rampage  .   (gloves unavailable)
Will    .....                   (boots unavailable)
Stlth   +++.......              (no amulet)
HPRegen 0.03/turn               (no ring)
MPRegen 0.09/turn               (no ring)

@: very quick
A: very small, no large weapons, unfitting armour, see invisible, speed 3
a: no special abilities


You were on level 1 of the Dungeon.
You visited 1 branch of the dungeon, and saw 1 of its levels.

You collected 10 gold pieces.

Inventory:

Hand Weapons
 a - a +1 dagger (weapon)
Armour
 b - a +0 robe (worn)
Potions
 c - 2 potions of invisibility


   Skills:
 + Level 1.1 Short Blades
 + Level 2.7 Dodging
 + Level 4.8 Stealth
 + Level 2.7 Spellcasting
 + Level 3.8 Hexes


You had 5 spell levels left.
You didn't know any spells.
Your spell library contained the following spells:

 Spells                   Type           Power      Damage    Failure   Level
 Confusing Touch          Hex            14%        N/A       12%         3
 Tukima's Dance           Hex            14%        N/A       12%         3
 Ensorcelled Hibernation  Hex/Ice        16%        N/A       13%         2
 Dazzling Flash           Conj/Hex       16%        N/A       26%         3


Dungeon Overview and Level Annotations

Branches:
Dungeon (1/15)

Altars:


Innate Abilities, Weirdness & Mutations

You are very small and have problems with some larger weapons.
You are too small for most types of armour.
You have supernaturally acute eyesight. (SInv)
You cover ground extremely quickly. (Speed+++)


Message History

A hobgoblin comes into view.
The giant cockroach bites you but does no damage.
The hobgoblin shouts!
You hit the hobgoblin.
The hobgoblin is severely wounded.
The giant cockroach closely misses you. The hobgoblin barely misses you.
A hobgoblin opens the door.
You hit the hobgoblin.
You kill the hobgoblin!
The giant cockroach misses you. The giant cockroach barely misses you.
You barely miss the giant cockroach. The giant cockroach closely misses you.
The hobgoblin drinks a potion.
The hobgoblin seems to grow stronger.
You hit the giant cockroach but do no damage.
The giant cockroach barely misses you. The hobgoblin barely misses you.
The giant cockroach closely misses you.
You closely miss the giant cockroach. The hobgoblin completely misses you.
The giant cockroach barely misses you.
You hit the giant cockroach.
The giant cockroach is moderately wounded.
The giant cockroach closely misses you. The hobgoblin misses you.
You hit the giant cockroach.
The giant cockroach is severely wounded.
The giant cockroach closely misses you. The hobgoblin barely misses you.
You hit the hobgoblin but do no damage.
The giant cockroach bites you but does no damage.
The hobgoblin hits you.
You hit the hobgoblin but do no damage.
The giant cockroach completely misses you.
You hit the hobgoblin.
The hobgoblin is heavily wounded.
The hobgoblin hits you. The giant cockroach closely misses you.
You closely miss the hobgoblin.
The hobgoblin is heavily wounded.
The giant cockroach bites you. The hobgoblin closely misses you.
You hit the hobgoblin.
The hobgoblin is almost dead.
The giant cockroach bites you.
* * * LOW HITPOINT WARNING * * *
The hobgoblin completely misses you. The giant cockroach bites you.
You die...

#####+ ........ ###
.......$ ...
........ #.###..
..... #$.... ......
...###..##......
#...g@).......
#..'.B).......
#.##.......... ..
#:......#.. #
#.......# .
#########.......#
###...............+
..................#
..................#


You could see a giant cockroach and a hobgoblin (strong).

Vanquished Creatures
  2 goblins (D:1)
  2 hobgoblins (D:1)
4 creatures vanquished.

Notes
Turn   | Place    | Note
-------+----------+-------------------------------------------
     0 | D:1      | drpainis the Spriggan Enchanter began the quest for the
                  | Orb.
     0 | D:1      | Reached XP level 1. HP: 9/9 MP: 5/5
   297 | D:1      | Slain by a giant cockroach

Illustrated notes

Levels and vault maps discovered:
D:1:      dpeg_arrival_arbitrary_b, layout_basic,
          chequers_ecumenical_altar_island, chequers_serial_rivers_small_3,
          chequers_serial_rivers_micro_c, minmay_pentomino_v2

Action                   || total
-------------------------++-------
Melee: Dagger            ||    27
Armor: Robe              ||     3
Dodge: Dodged            ||    32

Table legend: (Time is in decaauts)
 A = Elapsed time spent in this place.
 B = Non-inter-level travel time spent in this place.
 C = Inter-level travel time spent in this place.
 D = Time resting spent in this place.
 E = Time spent auto-exploring this place.
 F = Levels seen in this place.
 G = Mean time per level.
                   A        B        C        D        E       F      G
               +--------+--------+--------+--------+--------+-----+--------+
         Total |    244 |    244 |      0 |    141 |     70 |   1 |  244.0 |
       Dungeon |    244 |    244 |      0 |    141 |     70 |   1 |  244.0 |
               +--------+--------+--------+--------+--------+-----+--------+

Top non-repeatable levels by time:
     D:1: 244 daAuts
